 Dungeon Crawl Stone Soup version 0.30-a0-618-gd6c86c23d0 (webtiles) character file.

Game seed: 9154303482796309064

2618 funkygono the Thaumaturge (level 9, -2/48 HPs)
             Began as a Deep Elf Fire Elementalist on Jan 9, 2023.
             Was a Follower of Sif Muna.
             Slain by a yak (8 damage)
             ... on level 7 of the Dungeon.
             The game lasted 00:09:59 (6874 turns).

funkygono the Thaumaturge (DEFE)                    Turns: 6874, Time: 00:09:59

Health: -2/48      AC:  4    Str:  5    XL:     9   Next: 34%
Magic:  15/25      EV: 12    Int: 25    God:    Sif Muna [*.....]
Gold:   373        SH:  0    Dex: 15    Spells: 18/28 levels left

rFire   + . .      SeeInvis .    B - +7 staff of the Meek {protect, meekguard}
rCold   x . .      Faith    +    (shield currently unavailable)
rNeg    . . .      Spirit   .    x - +1 leather armour
rPois   .          Reflect  .    (no helmet)
rElec   .          Harm     .    (no cloak)
rCorr   .          Rampage  .    (no gloves)
Will    .....                    (no boots)
Stlth   ++                       j - amulet of faith
HPRegen 0.28/turn                k - ring of fire
MPRegen 0.19/turn                q - ring of wizardry

@: no status effects
A: no striking features
a: Renounce Religion, Channel Magic


You were on level 7 of the Dungeon.
You worshipped Sif Muna.
Sif Muna was aware of your devotion.
You visited 2 branches of the dungeon, and saw 8 of its levels.

You collected 373 gold pieces.

Inventory:

Hand Weapons
 c - a +2 dagger
 d - a +0 short sword
 e - a +4 short sword
 m - a +0 spectral rapier
 B - the +7 staff of the Meek (weapon) {protect, meekguard}
   (You found it on level 4 of the Dungeon)

   It provides extra protection to wielders with little health.
 C - a +2 dagger of draining
 D - a +2 mace of protection
Missiles
 l - a throwing net
Armour
 a - a +0 robe
 x - a +1 leather armour (worn)
Jewellery
 j - an amulet of faith (around neck)
 k - a ring of fire (left hand)
 q - a ring of wizardry (right hand)
 r - a ring of positive energy
Wands
 v - a wand of acid (13)
 y - a wand of flame (24)
Scrolls
 f - 3 scrolls of teleportation
 h - 2 scrolls of fog
 o - a scroll of enchant armour
 p - 2 scrolls of identify
 w - a scroll of vulnerability
 E - a scroll of enchant weapon {unknown}
Potions
 b - a potion of magic
 g - a potion of berserk rage
 i - 3 potions of heal wounds
 n - 2 potions of lignification
 s - 2 potions of curing
 t - a potion of cancellation
 u - a potion of flight
 z - a potion of degeneration {unknown}
 A - a potion of might {unknown}


   Skills:
 + Level 1.6 Fighting
 + Level 1.4 Staves
 + Level 2.7 Armour
 + Level 3.2 Dodging
 - Level 2.4 Stealth
 + Level 10.4 Spellcasting
 + Level 5.1 Conjurations
 + Level 8.9 Fire Magic


You had 18 spell levels left.
You knew the following spells:

 Your Spells              Type           Power      Damage    Failure   Level
a - Foxfire               Conj/Fire      100%       2x1d9     1%          1
b - Scorch                Fire           100%       2d10      1%          2
c - Kindle Blastsparks    Fire/Tloc/Air  82%        2d16      2%          3
d - Flame Wave            Conj/Fire      64%        2d15      1%          4

Your spell library contained the following spells:

 Spells                   Type           Power      Damage    Failure   Level
 Inner Flame              Hex/Fire       52%        N/A       1%          3
 Gell's Gravitas          Tloc           13%        N/A       9%          3
 Teleport Other           Tloc           13%        N/A       9%          3
 Cause Fear               Hex            6%         N/A       28%         4
 Dispersal                Tloc           6%         N/A       98%         6
 Dragon Form              Tmut           6%         N/A       100%        7
 Dragon's Call            Summ           6%         N/A       100%        9


Dungeon Overview and Level Annotations

Branches:
Dungeon (7/15)             Temple (1/1) D:6

Altars:
Ashenzari
Cheibriados
Dithmenos
Elyvilon
Fedhas
Gozag
Hepliaklqana
Kikubaaqudgha
Makhleb
Nemelex Xobeh
Okawaru
Qazlal
Sif Muna
Trog
Uskayaw
Vehumet
Wu Jian
Xom
Yredelemnul
Zin
The Shining One

Shops:
D:4 (

Annotations:
D:6 3 runed translucent doors, Leeroy's ghost, novice DrTm


Message History

The yak is severely wounded.
Casting: Foxfire (safe; 1% risk of failure)
Confirm with . or Enter, or press ? or * to list all spells.
You feel a surge of power!
You conjure some foxfire!
Casting: Foxfire (safe; 1% risk of failure)
Confirm with . or Enter, or press ? or * to list all spells.
You feel a surge of power!
Flames lash the yak.
The yak is severely wounded.
The yak's fire resistance burns away.
The foxfire hits the yak but does no damage.
The yak is lightly wounded.
The foxfire hits the yak!
The yak is moderately wounded.
The yak closely misses you. The yak gores you but does no damage.
Unknown command.
Casting: Scorch (safe; 1% risk of failure)
Confirm with . or Enter, or press ? or * to list all spells.
You feel a surge of power!
You conjure some foxfire!
The yak gores you. The yak gores you!
Casting: Foxfire (safe; 1% risk of failure)
Confirm with . or Enter, or press ? or * to list all spells.
You feel a surge of power!
Flames lash the yak.
The yak is severely wounded.
The yak's fire resistance burns away.
The yak is no longer more vulnerable to fire.
The foxfire hits the yak!
The yak is burned terribly!
The yak is almost dead.
The foxfire hits the yak!
The yak is burned terribly!
You kill the yak!
Sif Muna accepts your kill.
You can now call upon Sif Muna for magical energy.
The yak gores you! The yak gores you.
Unknown command.
The yak attacks as you move away! The yak gores you!
The yak attacks as you move away! The yak gores you!
* * * LOW HITPOINT WARNING * * *
The yak attacks as you move away! The yak gores you.
* * * LOW HITPOINT WARNING * * *
The yak attacks as you move away! The yak gores you!
You die...

#.##.#..#.#..#................###
#.##.#..#.).##................#
#.#......).############.......#
#.####..))## #.......# #.. #.)#.#
#.......... ### #)##.########
#.......... #.§....##........#
#.......... #.#....#########.#
########...
#.#>............@######## ...
#.#..#########.YY.......# ...
#.#..# #...Y......# #.#..#
#.....†....# ..#).###
#....Y.....# #......#
#..........#
.......#######..........#
........................#
.#.....#................#


You could see 4 yaks.

Vanquished Creatures
  Grinder (D:6)
  Prince Ribbit (D:6)
  A yak (D:7)
  2 water moccasins (D:6)
  An ice beast (D:6)
  An orc warrior (D:7)
  A centaur (D:7)
  An ogre (D:5)
  A phantom (D:4)
  2 bullfrogs (D:6)
  5 scorpions
  5 wights (D:6)
  2 howler monkeys
  A jelly (D:6)
  2 hounds
  An orc priest (D:7)
  A gnoll bouda (D:5)
  4 iguanas
  Ijyb (D:4)
  7 orc wizards
  6 adders
  8 gnolls
  A shadow imp (D:6)
  2 ufetubi (D:4)
  3 worms
  2 dart slugs
  16 orcs
  5 bats
  7 endoplasms
  5 giant cockroaches
  6 goblins
  7 hobgoblins
  3 jackals (D:2)
  6 kobolds
  6 quokkas
  7 ball pythons
  A frilled lizard (D:1)
  4 rats
136 creatures vanquished.

Vanquished Creatures (collateral kills)
  3 foxfires (D:4)
3 creatures vanquished.

Vanquished Creatures (others)
  393 foxfires
393 creatures vanquished.

Grand Total: 532 creatures vanquished

Notes
Turn   | Place    | Note
-------+----------+-------------------------------------------
     0 | D:1      | funkygono the Deep Elf Fire Elementalist began the quest
                  | for the Orb.
     0 | D:1      | Reached XP level 1. HP: 10/10 MP: 6/6
   182 | D:1      | Reached XP level 2. HP: 15/15 MP: 6/8
   185 | D:1      | Learned a level 2 spell: Scorch
   866 | D:1      | Reached XP level 3. HP: 19/19 MP: 7/9
   870 | D:1      | Learned a level 3 spell: Kindle Blastsparks
  1338 | D:2      | Found an ancient bone altar of Kikubaaqudgha.
  1444 | D:2      | Reached skill level 4 in Spellcasting
  1453 | D:2      | Reached XP level 4. HP: 24/24 MP: 4/12
  2603 | D:3      | Reached XP level 5. HP: 28/28 MP: 2/13
  2717 | D:3      | Identified the +3 spear of Seeren {drain, Dex+4}
  3043 | D:4      | Noticed Ijyb
  3048 | D:4      | Killed Ijyb
  3179 | D:4      | Reached skill level 5 in Spellcasting
  3179 | D:4      | Reached skill level 5 in Fire Magic
  3258 | D:4      | Learned a level 4 spell: Flame Wave
  3324 | D:4      | Found Quacam's Antique Weapon Boutique.
  3458 | D:4      | Reached XP level 6. HP: 33/33 MP: 9/16
  3667 | D:4      | Found the +7 staff of the Meek {protect, meekguard}
  3715 | D:4      | Reached skill level 6 in Spellcasting
  3918 | D:5      | Entered Level 5 of the Dungeon
  4172 | D:5      | Found a glowing silver altar of Zin.
  4205 | D:5      | Reached XP level 7. HP: 23/37 MP: 12/18
  4332 | D:5      | Reached skill level 7 in Spellcasting
  4706 | D:5      | Reached skill level 1 in Staves
  4706 | D:5      | Reached skill level 1 in Armour
  5282 | D:6      | Reached XP level 8. HP: 42/42 MP: 16/21
  5314 | D:6      | Reached skill level 1 in Fighting
  5388 | D:6      | Reached skill level 8 in Spellcasting
  5716 | D:6      | Found a staircase to the Ecumenical Temple.
  5727 | Temple   | Entered the Ecumenical Temple
  5736 | Temple   | Became a worshipper of Sif Muna the Loreminder
  5922 | D:6      | Noticed Prince Ribbit
  5927 | D:6      | Killed Prince Ribbit
  5928 | D:6      | Reached skill level 9 in Spellcasting
  5932 | D:6      | Reached XP level 9. HP: 41/47 MP: 5/24
  6139 | D:6      | Found a runed translucent gate.
  6139 | D:6      | Found an opulent altar of Gozag.
  6139 | D:6      | Found a runed translucent gate.
  6139 | D:6      | Noticed a troll
  6140 | D:6      | Found a runed translucent gate.
  6141 | D:6      | Noticed Leeroy's ghost (novice DrTm)
  6356 | D:6      | Noticed Grinder
  6363 | D:6      | Killed Grinder
  6364 | D:6      | Reached skill level 5 in Conjurations
  6622 | D:7      | Reached skill level 10 in Spellcasting
  6796 | D:7      | Found a white marble altar of Elyvilon.
  6870 | D:7      | Reached * piety under Sif Muna
  6874 | D:7      | Slain by a yak

Illustrated notes

Levels and vault maps discovered:
D:1:      roderic_crossed_star, layout_basic, kennysheep_minor_cross
D:2:      layout_loops_cross, basic_altar, minmay_misc_feat_more_columns,
          minmay_misc_feat_square
D:3:      layout_loops_ring, chequers_serial_rivers_small_3,
          minmay_misc_feat_columns
D:4:      layout_basic, serial_shops, nicolae_shop_overgrown_old_shop,
          minmay_misc_feat_five, uniq_ijyb
D:5:      kb_forest_paths, layout_basic, overflow_temple_1_default,
          serial_glass, glass_columns_a, glass_columns_a, glass_columns_a,
          glass_columns_a, glass_columns_a, glass_columns_c, glass_columns_a,
          glass_columns_b
D:6:      layout_loops_ring, temple_hall, ebering_ghost_gozag,
          minmay_misc_feat_roman, item_on_display_a, uniq_prince_ribbit1,
          uniq_grinder
D:7:      layout_basic, elyvilon_altar_5, minmay_strange_pillars
Temple:   mainiacjoe_temple_coin_purse

Skill      XL: |  1  2  3  4  5  6  7  8  9 |
---------------+----------------------------+-----
Fire Magic     | 4 5 6 7 8 |  8.9
Spellcasting   | 4 5 6 7 9 10 | 10.4
Conjurations   | 2 3 4 5 |  5.1
Dodging        | 3 |  3.2
Staves         | 1 |  1.4
Armour         | 1 2 |  2.7
Fighting       | 1 |  1.6
Stealth        | |  2.4

Action                   |  1- 3 |  4- 6 |  7- 9 || total
-------------------------+-------+-------+-------++-------
Melee: Quarterstaff      |       |     7 |     8 ||    15
 Cast: Foxfire           |    53 |    73 |   120 ||   246
       Scorch            |     5 |    29 |    32 ||    66
       Flame Wave        |       |     2 |     1 ||     3
  Use: Scroll            |       |       |    16 ||    16
Armor: Robe              |     1 |     1 |       ||     2
       Leather armour    |       |     5 |     9 ||    14
Dodge: Dodged            |     5 |    13 |    13 ||    31

Table legend: (Time is in decaauts)
 A = Elapsed time spent in this place.
 B = Non-inter-level travel time spent in this place.
 C = Inter-level travel time spent in this place.
 D = Time resting spent in this place.
 E = Time spent auto-exploring this place.
 F = Levels seen in this place.
 G = Mean time per level.
                   A        B        C        D        E       F      G
               +--------+--------+--------+--------+--------+-----+--------+
         Total |   6878 |   6763 |    115 |    156 |   5794 |   8 |  859.8 |
       Dungeon |   6763 |   6661 |    102 |    156 |   5709 |   7 |  966.1 |
        Temple |    114 |    102 |     12 |      0 |     85 |   1 |  114.0 |
               +--------+--------+--------+--------+--------+-----+--------+

Top non-repeatable levels by time:
     D:5: 1362 daAuts
     D:1: 1199 daAuts
     D:6: 1166 daAuts
     D:2: 1003 daAuts
     D:3: 906 daAuts
     D:4: 809 daAuts
     D:7: 315 daAuts
  Temple: 114 daAuts
